 Dungeon Crawl Stone Soup version 0.30-b1-5-g8e6c1be481 (webtiles) character file.

Game seed: 4169007889803495562

119 workbot the Chopper (level 4, 0/39 HPs)
             Began as a Minotaur Berserker on May 3, 2023.
             Was a Believer of Trog.
             Slain by an orc wizard
             ... wielding a +0 dagger
              (1 damage)
             ... on level 4 of the Dungeon.
             The game lasted 00:04:20 (1577 turns).

workbot the Chopper (Minotaur Berserker)            Turns: 1577, Time: 00:04:20

Health: 0/39       AC:  5    Str: 26    XL:     4   Next: 73%
Magic:  3/3        EV: 16    Int:  4    God:    Trog [**....]
Gold:   127        SH:  0    Dex:  9    Spells: 3/3 levels left

rFire   . . .        a - +0 hand axe
rCold   . . .        (no shield)
rNeg    . . .        f - +2 leather armour "Cubedonk" {Rampage Fly Str+2 Slay-5}
rPois   .            (helmet restricted)
rElec   .            (no cloak)
rCorr   .            (no gloves)
SInv    .            (no boots)
Will    .....        (no amulet)
Stlth   +            e - +5 ring of evasion
HPRegen 0.26/turn    (no ring)
MPRegen 0.08/turn

%: rampage
@: flying
A: horns 2, retaliatory headbutt
a: Renounce Religion, Berserk, Trog's Hand


You were on level 4 of the Dungeon.
You worshipped Trog.
Trog was pleased with you.
You visited 1 branch of the dungeon, and saw 4 of its levels.

You collected 127 gold pieces.

Inventory:

Hand Weapons
 a - a +0 hand axe (weapon)
Armour
 f - the +2 leather armour "Cubedonk" (worn) {Rampage Fly Str+2 Slay-5}
   (You found it on level 2 of the Dungeon)

   Str:       It affects your strength (+2).
   Slay:      It affects your accuracy & damage with ranged weapons and melee
   (-5).
   Fly:       It grants you flight.
   Rampage:   It bestows one free step when moving towards enemies.
Jewellery
 e - a +5 ring of evasion (left hand)
Scrolls
 d - 3 scrolls of identify
Potions
 b - a potion of brilliance {unknown}
 c - a potion of heal wounds
 g - a potion of attraction {unknown}


   Skills:
 - Level 3.6 Fighting
 + Level 6.5 Axes
 - Level 2.4 Armour
 - Level 2.1 Dodging
 + Level 0.9 Stealth


You had 3 spell levels left.
You didn't know any spells.
Your spell library contained the following spells:

 Spells                   Type           Power      Damage    Failure   Level
 Slow                     Hex            0%         N/A       54%         1
 Confusing Touch          Hex            0%         N/A       88%         3
 Vampiric Draining        Necr           0%         2d6       88%         3


Dungeon Overview and Level Annotations

Branches:
Dungeon (4/15)
 Temple: D:4-7

Altars:


Innate Abilities, Weirdness & Mutations

You have a pair of horns on your head.
You reflexively headbutt those who attack you in melee.


Message History

A ball python comes into view.
You can't go up here!
Unknown command.
You are too injured to fight recklessly!
You barely miss the goblin.
The ball python hisses angrily.
Your headbutt misses the goblin. You closely miss something.
Something hits you but does no damage. The goblin hits you with a +0 club.
* * * LOW HITPOINT WARNING * * *
You hit the goblin. Your headbutt misses the goblin.
The goblin is moderately wounded.
You barely miss something. Something hits you but does no damage.
The goblin hits you but does no damage.
You barely miss the goblin. Your headbutt misses the goblin.
The goblin is moderately wounded.
You miss something. Something hits you.
* * * LOW HITPOINT WARNING * * *
The goblin closely misses you. You furiously retaliate!
You headbutt the goblin, but do no damage.
You hit the goblin.
You kill the goblin!
Trog accepts your kill.
You closely miss something. Something hits you but does no damage.
You miss something. Something hits you but does no damage.
You completely miss something. Your headbutt misses something.
You barely miss the ball python. You barely miss the kobold.
The kobold misses you. The ball python misses you. The ball python grabs you.
The ball python constricts you. Something hits you but does no damage.
You barely miss something. You completely miss the ball python.
You closely miss the kobold. The kobold hits you but does no damage.
The ball python misses you. You furiously retaliate!
You headbutt the ball python. The ball python constricts you.
Something hits you.
* * * LOW HITPOINT WARNING * * *
You miss something. Your headbutt misses something. You slash the ball python!
You kill the ball python!
Trog accepts your kill.
You hit the kobold but do no damage. The kobold hits you but does no damage.
Something hits you.
You die...

.. #. #.##
#... #..#
#..#
##.###..#
$.....)@#
##.#..{K#
#......#
#.......
.........
.........#
........##
###....##


You could see a kobold.

Vanquished Creatures
  An orc wizard (D:2)
  An adder (D:2)
  A worm (D:2)
  3 dart slugs (D:1)
  7 orcs
  8 ball pythons
  6 endoplasms
  4 giant cockroaches
  5 goblins
  7 hobgoblins
  10 jackals (D:2)
  4 bats
  3 frilled lizards (D:1)
  3 kobolds
  A rat (D:1)
64 creatures vanquished.

Notes
Turn   | Place    | Note
-------+----------+-------------------------------------------
     0 | D:1      | workbot the Minotaur Berserker began the quest for the Orb.
     0 | D:1      | Reached XP level 1. HP: 19/19 MP: 0/0
    32 | D:1      | Reached skill level 4 in Axes
    67 | D:1      | Reached XP level 2. HP: 17/26 MP: 1/1
   127 | D:1      | Found a faded altar of an unknown god.
   605 | D:1      | Reached ** piety under Trog
   606 | D:1      | Reached skill level 5 in Axes
   611 | D:1      | Reached XP level 3. HP: 21/31 MP: 2/2
  1067 | D:2      | Reached skill level 6 in Axes
  1067 | D:2      | Reached XP level 4. HP: 35/39 MP: 3/3
  1132 | D:2      | Identified the +2 leather armour "Cubedonk" {Rampage Fly
                  | Str+2 Slay-5}
  1572 | D:4      | HP: 1/39 [something (2)]
  1577 | D:4      | Slain by an orc wizard

Illustrated notes

Levels and vault maps discovered:
D:1:      lightli_arrival_noodles, layout_basic,
          hellmonk_ecumenical_altar_pennies_from_heaven, hangedman_decor_push
D:2:      layout_basic, nicolae_titane
D:3:      layout_rooms, mainiacjoe_overflow_alcove_2, lightli_temple_of_fire,
          serial_shops, nicolae_diamond_shop
D:4:      layout_loops_ring, st_stairs_6

Skill      XL: |  1  2  3 |
---------------+----------+-----
Axes           | 4 5 6 |  6.5
Fighting       | |  3.6
Armour         | |  2.4
Dodging        | |  2.1
Stealth        | |  0.9

Action                     |  1- 3 |  4- 6 || total
---------------------------+-------+-------++-------
  Melee: Hand axe          |    68 |    73 ||   141
         Headbutt          |     3 |     8 ||    11
 Invoke: Berserk           |     2 |       ||     2
    Use: Scroll            |     1 |       ||     1
 Armour: Animal skin       |    13 |     1 ||    14
         Leather armour    |       |    30 ||    30
  Dodge: Dodged            |    37 |    53 ||    90
